 Dungeon Crawl Stone Soup version 0.17-a0-1435-geafbe2f (webtiles) character file.

30 Snupthedog the Twirler (level 3, -3/28 HPs)
             Began as a Demonspawn Gladiator on June 26, 2015.
             Slain by a white imp (5 damage)
             ... summoned by Natasha
             ... on level 2 of the Dungeon.
             The game lasted 00:04:52 (1089 turns).

Snupthedog the Twirler (Demonspawn Gladiator)       Turns: 1089, Time: 00:04:53

Health: -3/28      AC:  4    Str: 15    XL:     3   Next: 5%
Magic:  3/3        EV: 12    Int: 10    God:
Gold:   57         SH:  0    Dex: 13    Spells: 0 memorised, 2 levels left

rFire  . . .     SeeInvis .     a - +0 quarterstaff
rCold  . . .     Clarity  .     b - +0 leather armour
rNeg   + . .     SustAt   .     (no shield)
rPois  .         Gourm    .     c - +0 helmet
rElec  .         Spirit   .     (no cloak)
rCorr  .         Warding  .     (no gloves)
rMut   .         Stasis   .     (no boots)
MR     .....                    (no amulet)
Stlth  ++........               (no ring)
                                n - ring of positive energy

@: slowed, very slow, not resistant to hostile enchantments, unstealthy
A: claws 1, nightstalker 1
a: no special abilities


You were on level 2 of the Dungeon.
You were not hungry.

You visited 1 branch of the dungeon, and saw 2 of its levels.

You collected 57 gold pieces.

Inventory:

Hand weapons
 a - a +0 quarterstaff (weapon)
Missiles
 d - 3 throwing nets (quivered)
 k - 8 javelins
Armour
 b - a +0 leather armour (worn)
 c - a +0 helmet (worn)
Jewellery
 n - a ring of positive energy (left claw)
Scrolls
 f - a scroll of identify
 i - a scroll of fog {unknown}
 m - a scroll of random uselessness {unknown}
 o - a scroll of enchant weapon {unknown}
 q - a scroll of amnesia {unknown}
Potions
 g - a potion of heal wounds
 h - a potion of agility {unknown}
 j - a potion of resistance {unknown}
 l - a potion of mutation {unknown}
 p - a potion of lignification {unknown}
Comestibles
 e - a bread ration


   Skills:
 + Level 2.6 Fighting
 + Level 3.0 Staves
 - Level 1.7 Throwing
 * Level 0.6 Armour
 + Level 3.0 Dodging


You had 2 spell levels left.
You didn't know any spells.

Dungeon Overview and Level Annotations

Branches:
Dungeon (2/15)

Altars:

Annotations:
D:2 Natasha


Innate Abilities, Weirdness & Mutations

You have sharp fingernails.
You are slightly more attuned to the shadows.


Message History

Natasha is severely wounded.
Natasha drinks a potion.
Natasha is healed!
You hit Natasha.
Natasha is lightly wounded.
Natasha mumbles some strange words.
Natasha completely misses you.
You hit Natasha.
Natasha is lightly wounded.
Natasha barely misses you.
Natasha stares at you and mumbles some strange words.
You feel as though you will be slow longer.
You hit Natasha.
Natasha is moderately wounded.
The white imp gestures at you. The puff of frost hits you! Natasha claws you.
* * * LOW HITPOINT WARNING * * *
The white imp hits you.
* * * LOW HITPOINT WARNING * * *
The white imp freezes you.
You die...

...........#†###....##
.....##..#.#.# ....#
......#..#.#.###......
...........5..........
....................##
##.................
#....##.#.###...#
...##.5h......# ...#
.......@........ ..#
#.###.....#.#.### ##
##....#.#.# #....#.#.#
...... ......#.
.........# ###.##.###


You could see Natasha and a white imp.

Vanquished Creatures
  An adder (D:2)
  A ball python (D:1)
  2 goblins (D:1)
  3 hobgoblins (D:1)
  5 kobolds (D:1)
  4 bats (D:1)
  2 giant newts (D:1)
  6 rats (D:1)
24 creatures vanquished.

Notes
Turn   | Place    | Note
--------------------------------------------------------------
     0 | D:1      | Snupthedog the Demonspawn Gladiator began the quest for the Orb.
     0 | D:1      | Reached XP level 1. HP: 16/16 MP: 1/1
   252 | D:1      | Gained mutation: You have sharp fingernails. [demonic ancestry]
   252 | D:1      | Reached XP level 2. HP: 19/22 MP: 2/2
   682 | D:1      | Reached skill level 3 in Staves
   908 | D:2      | Gained mutation: You are slightly more attuned to the shadows. [demonic ancestry]
   908 | D:2      | Reached XP level 3. HP: 28/28 MP: 3/3
   911 | D:2      | Noticed Natasha
  1089 | D:2      | Slain by a white imp

Vault maps used:
D:1:      sevenhm_arrival_forest_fort_small_6, minmay_crystal_water
D:2:      nemelex_xobeh_ov_fountains_minmay, first_bread, uniq_natasha,
          uniq_robin

Action                   || total
-------------------------++-------
Melee: Quarterstaff      ||    80
  Use: Scroll            ||     1
  Eat: Bread ration      ||     1
